 Dungeon Crawl Stone Soup version 0.24-a0-434-gd57e52f (webtiles) character file.

Game seed: 4727532365222984156

217 pikmin25 the Ruffian (level 5, -1/41 HPs)
             Began as a Draconian Transmuter on June 15, 2019.
             Slain by a gnoll
             ... wielding a cursed +0 spear
              (9 damage)
             ... on level 3 of the Dungeon.
             The game lasted 00:09:24 (3313 turns).

pikmin25 the Ruffian (Draconian Transmuter)         Turns: 3313, Time: 00:09:24

Health: -1/41      AC:  6    Str: 13    XL:     5   Next: 62%
Magic:  9/9        EV: 12    Int: 14    God:
Gold:   109        SH:  0    Dex: 11    Spells: 8/9 levels left

rFire    . . .     SeeInvis .     - Unarmed
rCold    . . .     Gourm    .   (no shield)
rNeg     . . .     Faith    .   (armour unavailable)
rPois    .         Spirit   .   (helmet restricted)
rElec    .         Reflect  .   (no cloak)
rCorr    .         Harm     .   k - +0 pair of gloves
MR       .....                  (no boots)
Stlth    ++........             (no amulet)
HPRegen  0.13/turn              o - ring of stealth
MPRegen  0.11/turn              (no ring)

@: no status effects
A: unfitting armour, horns 1, cold-blooded, MP-powered wands, AC +5
a: no special abilities


You were on level 3 of the Dungeon.
You were not hungry.

You visited 1 branch of the dungeon, and saw 3 of its levels.

You collected 109 gold pieces.

Inventory:

Missiles
 a - 72 arrows
 f - 3 curare-tipped darts (quivered)
Armour
 k - a +0 pair of gloves (worn)
 l - a +2 hat
Jewellery
 d - an uncursed ring of protection from fire
 o - a ring of stealth (left hand)
Wands
 n - a wand of digging (3)
Scrolls
 b - a scroll of remove curse {unknown}
 e - a scroll of magic mapping {unknown}
 g - a scroll of enchant armour {unknown}
 h - 2 scrolls of identify {unknown}
 i - 2 scrolls of fog {unknown}
 j - a scroll of amnesia {unknown}
 m - 3 scrolls of blinking {unknown}
Comestibles
 c - 6 rations


   Skills:
 + Level 1.9 Fighting
 + Level 2.6 Dodging
 + Level 0.7 Stealth
 + Level 4.9 Unarmed Combat
 + Level 2.8 Spellcasting
 + Level 2.4 Transmutations


You had 8 spell levels left.
You knew the following spells:

 Your Spells              Type           Power        Failure   Level  Hunger
a - Beastly Appendage     Tmut           #.....       9%          1    #......

Your spell library contained the following spells:

 Spells                   Type           Power        Failure   Level  Hunger
 Sticks to Snakes         Tmut           #.......     12%         2    ###....
 Spider Form              Tmut/Pois      #.........   36%         3    ###....
 Ice Form                 Ice/Tmut       #.......     78%         4    #####..
 Blade Hands              Tmut           #.........   92%         5    ######.


Dungeon Overview and Level Annotations

Branches:
Dungeon (3/15)

Altars:


Innate Abilities, Weirdness & Mutations

Your plain brown scales are hard. (AC +5)
You cannot fit into any form of body armour.
You are cold-blooded and may be slowed by cold attacks.
You have a pair of small horns on your head.
You expend magic power (3 MP) to strengthen your wands.


Message History

* * * LOW HITPOINT WARNING * * *
You hit the gnoll.
You headbutt the gnoll, but do no damage.
The gnoll is severely wounded.
The gnoll closely misses you. The gnoll hits you but does no damage.
You barely miss the gnoll.
The gnoll is severely wounded.
The gnoll closely misses you. The gnoll hits you with a +0 spear.
* * * LOW HITPOINT WARNING * * *
You hit the gnoll.
You kill the gnoll!
Your talons disappear.
The gnoll misses you. The gnoll barely misses you.
There is a stone staircase leading up here.
Things that are here:
a +0 spear; a pink potion You closely miss the gnoll.
The gnoll hits you with a cursed +0 spear!
You die...

#...##....$.........
#......##..w.......#
#....<..##..........
#...###.###g.####... #.[.#
#..#.........# ###.#
#..g........# .#########.#
##.#.#..##^.. ........##)#
##..#......... #......##@#
#.............
#......##g###.............
#...........g............(
#......##.###.........>...
#......##.................
#......##...#####.........
#$.....##...# .######..
######......# .# ##..
##.###.# #...


You could see a gnoll.

Vanquished Creatures
  2 worker ant zombies
  3 adders (D:3)
  6 gnolls
  An ooze (D:3)
  4 adder skeletons
  2 dart slugs
  3 leopard geckos (D:1)
  A giant cockroach (D:3)
  7 goblins
  5 hobgoblins
  9 jackals
  9 kobolds
  3 quokkas
  2 ball pythons (D:3)
  9 bats
  3 frilled lizards
  30 rats
99 creatures vanquished.

Notes
Turn   | Place    | Note
-------+----------+-------------------------------------------
     0 | D:1      | pikmin25 the Draconian Transmuter began the quest for the
                  | Orb.
     0 | D:1      | Reached XP level 1. HP: 16/16 MP: 3/3
   281 | D:1      | Reached XP level 2. HP: 14/23 MP: 5/5
   770 | D:1      | Reached XP level 3. HP: 27/28 MP: 4/6
  1409 | D:2      | Reached skill level 4 in Unarmed Combat
  1605 | D:2      | Reached XP level 4. HP: 10/35 MP: 7/7
  1611 | D:2      | Gained mutation: You expend magic power (3 MP) to
                  | strengthen your wands. [potion of mutation]
  1611 | D:2      | Gained mutation: You have a pair of large horns on your
                  | head. [potion of mutation]
  2243 | D:3      | Reached XP level 5. HP: 40/41 MP: 8/8
  2462 | D:3      | HP: 1/41 [gnoll/cursed +0 spear (6)]
  3313 | D:3      | Slain by a gnoll

Levels and vault maps discovered:
D:1:      dpeg_arrival_shrine, layout_loops_ring, minmay_pentomino_w2
D:2:      layout_loops_cross, serial_undead, serial_undead_d, serial_undead_d,
          serial_undead_b, serial_undead_b, serial_undead_b, serial_undead_e,
          minmay_rat_hole
D:3:      layout_rooms

Skill      XL: |  1  2  3 |
---------------+----------+-----
Dodging        | 2 |  2.6
Unarmed Combat | 4 |  4.9
Fighting       | |  1.9
Stealth        | |  0.7
Spellcasting   | |  2.8
Transmutations | |  2.4

Action                   |  1- 3 |  4- 6 || total
-------------------------+-------+-------++-------
Melee: Unarmed           |   149 |   137 ||   286
       Tailslap          |    14 |    14 ||    28
       Kick              |     4 |    19 ||    23
       Punch             |     2 |     1 ||     3
       Headbutt          |     6 |    14 ||    20
 Cast: Beastly Appendage |    16 |    12 ||    28
  Use: Potion            |       |     4 ||     4
 Stab: Sleeping          |     1 |     1 ||     2
  Eat: Chunk             |     3 |     3 ||     6
       Ration            |       |     1 ||     1
Armor: Skin              |    48 |    63 ||   111
Dodge: Dodged            |    87 |   114 ||   201

Table legend:
 A = Non-vault XP
 B = Vault XP
 C = Vault XP percentage of total XP
 D = Non-vault monster count
 E = Vault monster count
 F = Vault count percentage of total count
                 A         B        C        D         E       F
            +---------+---------+-------+---------+---------+-------
      Total |     256 |      55 |  17.7 |      74 |      25 |  25.3
            +---------+---------+-------+---------+---------+-------
        D:1 |      43 |       3 |   6.5 |      24 |       2 |   7.7
        D:2 |      78 |      52 |  40.0 |      18 |      23 |  56.1
        D:3 |     135 |       0 |   0.0 |      32 |       0 |   0.0
            +---------+---------+-------+---------+---------+-------
